 Dungeon Crawl Stone Soup version 0.20-a0-492-g6327889 (webtiles) character file.

2884 wazuzu the Arsonist (level 9, -6/66 (67) HPs)
             Began as a Pale Draconian Fire Elementalist on Jan 15, 2017.
             Was an Initiate of Cheibriados.
             Killed from afar by Erica (17 damage)
             ... with an orb of energy
             ... on level 8 of the Dungeon.
             The game lasted 00:33:16 (9484 turns).

wazuzu the Arsonist (DrFE)                          Turns: 9484, Time: 00:33:18

HP:   -6/66 (67)    AC:  7    Str: 13    XL:     9   Next: 48%
MP:   18/19         EV: 12    Int: 17    God:    Cheibriados [......]
Gold: 453           SH:  0    Dex: 12    Spells: 13/22 levels left

rFire    + . .     SeeInvis .   B - +2 long sword (elec)
rCold    . . .     Gourm    +   (armour unavailable)
rNeg     + . .     Faith    .   (no shield)
rPois    .         Spirit   .   (helmet restricted)
rElec    .         Reflect  .   (no cloak)
rCorr    .         Harm     .   (no gloves)
MR       .....     Clarity  +   (no boots)
Stlth    ++........             y - amulet of the gourmand
Regen    0.2/turn               n - ring of protection from fire
                                z - ring of positive energy

@: slowed, very slow
A: breathe steam, unfitting armour, clarity, dopey 1, cold-blooded, AC +7
a: Breathe Steam, Bend Time, Renounce Religion


You were on level 8 of the Dungeon.
You worshipped Cheibriados.
Cheibriados was noncommittal.
You were full.

You visited 2 branches of the dungeon, and saw 9 of its levels.

You collected 453 gold pieces.

Inventory:

Hand Weapons
 B - a +2 long sword of electrocution (weapon)
Missiles
 h - 152 stones (quivered)
 x - 17 sling bullets
Magical Staves
 w - an uncursed staff of earth
Jewellery
 f - a cursed amulet of guardian spirit {unknown}
 m - an uncursed ring of wizardry
 n - a ring of protection from fire (right hand)
 y - an amulet of the gourmand (around neck)
 z - a ring of positive energy (left hand)
Wands
 b - a wand of digging (12/24)
Scrolls
 i - 2 scrolls of blinking
 k - 2 scrolls of teleportation
 t - 2 scrolls of amnesia
 v - a scroll of fog
 A - a scroll of enchant weapon
Potions
 d - a potion of heal wounds
 g - 2 potions of magic
 l - 3 potions of flight
 o - 2 potions of curing
 p - a potion of mutation {unknown}
 r - a potion of agility {unknown}
 u - a potion of cancellation {unknown}
Books
 a - a book of Flames

   Spells                             Type                      Level
   a - Flame Tongue                   Conjuration/Fire             1
   b - Throw Flame                    Conjuration/Fire             2
   c - Conjure Flame                  Conjuration/Fire             3
   d - Inner Flame                    Hexes/Fire                   3
   e - Sticky Flame                   Conjuration/Fire             4
   f - Fireball                       Conjuration/Fire             5
Comestibles
 c - a slice of pizza
 j - 5 meat rations
 q - a beef jerky
 s - 6 fruits


   Skills:
 + Level 2.2 Fighting
 - Level 1.7 Dodging
 - Level 1.7 Stealth
 - Level 7.0 Spellcasting
 - Level 7.4 Conjurations
 - Level 9.1 Fire Magic


You had 13 spell levels left.
You knew the following spells:

 Your Spells              Type           Power        Failure   Level  Hunger
a - Flame Tongue          Conj/Fire      ####.        1%          1    None
b - Conjure Flame         Conj/Fire      ####....     1%          3    ##.....
c - Fireball              Conj/Fire      ####......   12%         5    #####..


Dungeon Overview and Level Annotations

Branches:
Dungeon (8/15)             Temple (1/1) D:7
   Lair: D:8-11

Altars:
Ashenzari
Cheibriados
Dithmenos
Elyvilon
Fedhas
Gozag
Hepliaklqana
Kikubaaqudgha
Makhleb
Nemelex Xobeh
Okawaru
Qazlal
Ru
Sif Muna
Trog
Uskayaw
Vehumet
Xom
Yredelemnul
Zin
The Shining One

Annotations:
D:8 Erica


Innate Abilities, Weirdness & Mutations

You can breathe blasts of scalding, opaque steam.
Your pale cyan-grey scales are hard. (AC +7)
You cannot fit into any form of body armour.
You are cold-blooded and may be slowed by cold attacks.
You possess an exceptional clarity of mind.
You are dopey. (Int -2)


Message History

Erica burns you.
You barely miss Erica.
Erica is moderately wounded.
Erica closely misses you.
Erica points at you and mumbles some strange words.
The orb of energy hits you!
The orb of energy explodes!
You slash Erica!
There is a sudden explosion of sparks!
Erica is heavily wounded.
Erica closely misses you.
Erica casts a spell.
Erica flickers and vanishes!
Deactivating autopickup; reactivate with Ctrl-A.
You hit something. Something hits you!!
* * * LOW HITPOINT WARNING * * *
Something burns you.
* * * LOW HITPOINT WARNING * * *
You hear some strange, mumbled words.
An orb of energy appears from out of thin air!
The orb of energy hits you!
You die...

....#####...........###
#.#........#.#.#.....>#
.....####........######
#.#.....##.#.#.#.#
....###.##.......#
#.#... #####.##.#
....##.. #.##.# #####
.. #.##.# . #.##@#
#..${.# .........#
####.....# #.##+## #. #


There were no monsters in sight!

Vanquished Creatures
  The ghost of dobroeutro the Basher, a novice GrFi of Okawaru (D:6)
  Grinder (D:4)
  Eustachio (D:6)
  A hungry ghost (D:7)
  Duvessa (D:7)
  3 ogres
  An ice beast (D:5)
  2 sky beasts (D:7)
  A phantom (D:7)
  A necrophage (D:7)
  A centaur (D:5)
  2 bullfrogs
  A gnoll sergeant (D:6)
  Dowan (D:7)
  A water moccasin skeleton (D:6)
  3 crimson imps
  A bullfrog skeleton (D:7)
  A jelly (D:6)
  2 orc priests
  4 hounds
  Ijyb (D:2)
  Natasha (twice) (D:3)
  3 iguanas (D:6)
  2 orc wizards (D:6)
  3 worker ants
  Terence (D:3)
  A hound skeleton (D:5)
  A howler monkey zombie (D:6)
  A worker ant zombie (D:6)
  9 adders
  3 shadow imps
  An ooze (D:3)
  5 worms
  2 dart slugs
  4 leopard geckos
  11 orcs
  3 ball pythons
  11 bats
  5 giant cockroaches
  4 goblins
  3 hobgoblins
  14 jackals
  3 quokkas
  8 frilled lizards
  12 kobolds
  A quokka skeleton (D:6)
  10 rats
154 creatures vanquished.

Notes
Turn   | Place    | Note
-------+----------+-------------------------------------------
     0 | D:1      | wazuzu the Draconian Fire Elementalist began the quest for the Orb.
     0 | D:1      | Reached XP level 1. HP: 14/14 MP: 3/3
   251 | D:1      | Reached XP level 2. HP: 20/20 MP: 5/5
   345 | D:1      | Found a white marble altar of Elyvilon.
   835 | D:2      | Reached XP level 3. HP: 16/26 MP: 2/6
  1132 | D:2      | Noticed Ijyb
  1152 | D:2      | Killed Ijyb
  1245 | D:2      | Found a white marble altar of Elyvilon.
  1257 | D:2      | Reached XP level 4. HP: 24/33 MP: 3/7
  1568 | D:2      | Reached skill level 4 in Fire Magic
  2270 | D:3      | Noticed Natasha
  2277 | D:3      | Killed Natasha
  2437 | D:3      | Learned a level 3 spell: Conjure Flame
  2460 | D:3      | Noticed Terence
  2553 | D:3      | Killed Terence
  2553 | D:3      | Reached XP level 5. HP: 38/38 MP: 5/9
  3251 | D:3      | Noticed Natasha
  3256 | D:3      | Killed Natasha
  3317 | D:3      | Reached XP level 6. HP: 40/45 MP: 6/11
  3883 | D:4      | Reached skill level 5 in Fire Magic
  3901 | D:4      | Learned a level 5 spell: Fireball
  4109 | D:4      | Noticed Grinder
  4127 | D:4      | Killed Grinder
  4127 | D:4      | Your scales start taking on a pale cyan-grey colour.
  4127 | D:4      | Reached XP level 7. HP: 13/50 MP: 0/13
  4379 | D:4      | Reached skill level 6 in Fire Magic
  4766 | D:5      | Entered Level 5 of the Dungeon
  5270 | D:5      | Reached skill level 5 in Conjurations
  5312 | D:5      | Reached skill level 5 in Spellcasting
  5312 | D:5      | Reached XP level 8. HP: 57/57 MP: 8/15
  5546 | D:5      | Reached skill level 7 in Fire Magic
  6205 | D:6      | Noticed dobroeutro's ghost (novice GrFi)
  6373 | D:6      | Noticed Eustachio
  6450 | D:6      | Killed Eustachio
  7150 | D:6      | Killed dobroeutro's ghost
  7150 | D:6      | Reached skill level 8 in Fire Magic
  7716 | D:6      | Reached XP level 9. HP: 56/62 MP: 18/18
  8827 | D:7      | Gained mutation: You possess an exceptional clarity of mind. [mutagenic meat]
  8828 | D:7      | Gained mutation: You are dopey. (Int -2) [mutagenic meat]
  8964 | D:7      | Noticed Duvessa
  8966 | D:7      | Noticed Dowan
  8969 | D:7      | Killed Duvessa
  8969 | D:7      | Killed Dowan
  8969 | D:7      | Reached skill level 9 in Fire Magic
  9083 | D:7      | Found a staircase to the Ecumenical Temple.
  9089 | Temple   | Entered the Ecumenical Temple
  9114 | Temple   | Became a worshipper of Cheibriados the Contemplative
  9270 | D:7      | Reached skill level 1 in Fighting
  9472 | D:8      | Noticed Erica
  9484 | D:8      | Killed from afar by Erica

Vault maps used:
D:1:      dpeg_arrival_rhombi, kennysheep_flooded_box
D:2:      elyvilon_altar_5, uniq_iyjb
D:3:      first_bread, uniq_terence, uniq_natasha
D:4:      uniq_grinder
D:6:      feat_on_display, uniq_eustachio
D:7:      uniq_duvessa
D:8:      serial_glass, glass_columns_b, glass_columns_b, glass_columns_c,
          glass_columns_b, glass_columns_a, glass_columns_a, glass_columns_a,
          glass_columns_a, grunt_ogre_cave, uniq_erica
Temple:   nicolae_temple_the_god_donut

Skill      XL: |  1  2  3  4  5  6  7  8  9 |
---------------+----------------------------+-----
Conjurations   | 2 3 4 5 6 7 |  7.4
Fire Magic     | 4 5 6 8 9 |  9.1
Spellcasting   | 3 4 5 6 7 |  7.0
Fighting       | 2 |  2.2
Dodging        | |  1.7
Stealth        | |  1.7

Action                   |  1- 3 |  4- 6 |  7- 9 || total
-------------------------+-------+-------+-------++-------
Melee: Spear             |    90 |    54 |   473 ||   617
       Tailslap          |     5 |     4 |    63 ||    72
       Dagger            |     1 |       |       ||     1
       Unarmed           |       |    12 |    31 ||    43
       Flail             |       |     4 |   198 ||   202
       Long sword        |       |       |    42 ||    42
Throw: Stone             |       |       |     1 ||     1
 Cast: Flame Tongue      |    16 |   114 |   146 ||   276
       Conjure Flame     |       |     1 |     2 ||     3
       Fireball          |       |       |     1 ||     1
 Abil: Breathe Steam     |       |       |     9 ||     9
  Use: Scroll            |       |    11 |     9 ||    20
       Potion            |       |     1 |     3 ||     4
 Stab: Sleeping          |     6 |     4 |     1 ||    11
  Eat: Chunk             |     1 |     5 |    19 ||    25
       Bread ration      |       |     1 |     3 ||     4
       Fruit             |       |       |     1 ||     1
       Pizza             |       |       |     2 ||     2
Armor: Skin              |    39 |    29 |   348 ||   416
Dodge: Dodged            |    43 |    68 |   390 ||   501
       Rpst.: Long sword |       |       |     6 ||     6
